 Dungeon Crawl Stone Soup version 0.18-a0-1624-g19ad93e (webtiles) character file.

8101 Oddball22 the Fighter (level 11, 0/66 HPs)
             Began as a Vine Stalker Artificer on Mar 24, 2016.
             Was a Believer of Pakellas.
             Slain by a wolf spider zombie (4 damage)
             ... on level 11 of the Dungeon.
             The game lasted 00:33:20 (9555 turns).

Oddball22 the Fighter (Vine Stalker Artificer)      Turns: 9555, Time: 00:33:21

Health: 0/66       AC:  7    Str: 15    XL:     11   Next: 25%
Magic:  0/23       EV: 16    Int: 17    God:    Pakellas [**....]
Gold:   1152       SH:  0    Dex: 15    Spells: 0 memorised, 10 levels left

rFire  . . .     SeeInvis +     Q - +7 mace "Xaraaj" {drain, rElec rPois Int+5 Dex-2}
rCold  . . .     Gourm    .     A - +2 leather armour {rPois}
rNeg   . . .     Faith    .     (no shield)
rPois  +         Spirit   +     (no helmet)
rElec  +         Dismiss  .     T - +0 cloak
rCorr  .         Reflect  .     s - +1 pair of gloves
SustAt .         Harm     .     F - -2 pair of boots (curse)
MR     +....                    w - amulet of regeneration
Stlth  ++........               C - ring of magical power
                                x - ring of see invisible

@: somewhat resistant to hostile enchantments, unstealthy
A: fangs 3, regeneration 2, magic shield, antimagic bite, no device heal 3, rot
immunity
a: Quick Charge, Renounce Religion


You were on level 11 of the Dungeon.
You worshipped Pakellas.
Pakellas was pleased with you.
You were not hungry.

You visited 2 branches of the dungeon, and saw 12 of its levels.

You collected 1152 gold pieces.

Inventory:

Hand Weapons
 n - a +0 dagger of holy wrath
 p - a +2 dagger of venom
 H - a +0 blowgun
 Q - the +7 mace "Xaraaj" (weapon) {drain, rElec rPois Int+5 Dex-2}
   (You found it on level 6 of the Dungeon)

   A truly terrible weapon, it drains the life of those it strikes.
   It affects your intelligence (+5).
   It affects your dexterity (-2).
   It insulates you from electricity.
   It protects you from poison.
 S - a +0 hand crossbow
Missiles
 a - 97 bolts
 o - 19 silver bolts
 I - 87 poisoned needles
 L - 12 bolts of penetration
Armour
 s - a +1 pair of gloves (worn)
 A - a +2 leather armour of poison resistance (worn)
 F - a cursed -2 pair of boots (worn)
 T - a +0 cloak (worn)
Jewellery
 w - an amulet of regeneration (around neck)
 x - a ring of see invisible (left hand)
 z - an uncursed ring of protection from cold
 C - a ring of magical power (right hand)
 D - an uncursed ring of flight
Wands
 b - a wand of paralysis (8/24)
 c - a wand of flame (15/48)
 d - a wand of enslavement (15/24)
 e - a wand of random effects (0/48)
 l - a wand of random effects (18/48)
 q - a wand of random effects (26/48)
 u - a wand of flame (39/48)
 v - a wand of disintegration (23/24)
 K - a wand of lightning (5/15)
 R - a wand of slowing (31/48)
 U - a wand of acid (5/15)
 V - a wand of lightning (13/15)
 W - a wand of iceblast (5/15)
Scrolls
 i - 5 scrolls of identify
 k - a scroll of immolation {unknown}
 r - 2 scrolls of recharging
 y - 4 scrolls of remove curse
 J - a scroll of teleportation
 N - a scroll of enchant weapon {unknown}
 P - 4 scrolls of enchant armour
 Y - 2 scrolls of amnesia
Potions
 h - 3 potions of mutation
 j - 3 potions of curing
 t - 2 potions of agility
 E - a potion of might
 G - a potion of magic
 X - a potion of lignification
Comestibles
 f - 11 bread rations
 g - 11 fruits
 m - 11 meat rations
 B - 4 beef jerkies
 M - 7 chunks of flesh
 O - a royal jelly
 Z - 8 slices of pizza


   Skills:
 * Level 11.6 Fighting
 - Level 0.8 Short Blades
 + Level 6.0 Crossbows
 + Level 7.8 Dodging
 - Level 1.2 Stealth
 - Level 2.6 Evocations


You had 10 spell levels left.
You didn't know any spells.

Dungeon Overview and Level Annotations

Branches:
Dungeon (11/15)            Temple (1/1) D:5            Lair (0/8) D:10
    Orc (0/2) D:11

Altars:
Ashenzari
Cheibriados
Dithmenos
Elyvilon
Fedhas
Gozag
Kikubaaqudgha
Makhleb
Nemelex Xobeh
Okawaru
Pakellas
Qazlal
Ru
Sif Muna
Trog
Vehumet
Xom
Yredelemnul
Zin
The Shining One

Shops:
D:11 %


Innate Abilities, Weirdness & Mutations

You have razor-sharp teeth.
You heal very quickly.
When hurt, damage is shared between your health and your magic reserves.
Your bite disrupts and absorbs the magic of your enemies.
Potions and wands cannot restore your health.
You are immune to rotting.


Message History

The yak is almost dead.
The wolf spider zombie misses you. x2; The yak gores you.
The wolf spider zombie hits you.
The wolf spider zombie bites you but does no damage.
The yak completely misses you.
You barely miss the yak.
The yak is almost dead.
The wolf spider zombie hits you!
* * * LOW HITPOINT WARNING * * *
The wolf spider zombie closely misses you.
The yak closely misses you. The wolf spider zombie hits you!
* * * LOW HITPOINT WARNING * * *
The wolf spider zombie misses you.
You are too injured to fight recklessly!
You are too injured to fight recklessly!
You barely miss the yak.
The yak is almost dead.
The wolf spider zombie hits you.
You die...
Pakellas says: That's one more possible approach eliminated.

#. ... #. #. .. ..
#.##.#.# ......# ##
### #...# #######>#
..#### #.# #.......#
.....###†#####.....#
.................Z.#
≈....≈....####.Y@..#
..≈≈≈....∩..##.....#
≈≈≈≈≈≈....#.########
.≈≈≈≈≈....#.#
≈≈≈≈≈≈≈..÷#.#
.≈≈≈≈...#.#.#######
.≈≈.....#.#.......#
...........<#
##........#.####


You could see a yak and a wolf spider zombie.

Vanquished Creatures
  The ghost of kaze the Ruffian, a novice NaTm of Nemelex Xobeh (D:9)
  A hill giant (D:10)
  A deep elf mage (D:6)
  A gargoyle (D:10)
  The ghost of Frenchkiss the Chopper, an amateur HOFi (D:5)
  A troll (D:10)
  A polar bear (D:10)
  Sigmund (D:4)
  A wyvern (D:10)
  A yak (D:10)
  A human (D:7)
  Eustachio (D:5)
  A hog (D:7)
  A hippogriff (D:10)
  A water moccasin (D:8)
  6 orc warriors
  2 ice beasts
  2 wasps
  3 sky beasts
  2 ogres
  An eye of draining (D:10)
  A black bear (D:7)
  3 centaurs
  A phantom (D:8)
  4 big kobolds
  4 giant frogs
  4 scorpions
  2 killer bees
  A jelly (D:9)
  8 crimson imps
  A centaur skeleton (D:6)
  6 hounds
  8 orc priests
  A giant frog skeleton (D:4)
  3 iguanas
  13 orc wizards
  12 worker ants
  3 sheep (D:7)
  2 human simulacra (D:9)
  A worker ant zombie (D:8)
  11 adders
  3 gnolls (D:5)
  A howler monkey skeleton (D:4)
  A shadow imp (D:9)
  A white imp (D:11)
  An ooze (D:3)
  2 adder zombies (D:7)
  3 dart slugs (D:1)
  3 worms
  5 giant geckos
  43 orcs
  5 giant cockroaches
  9 goblins
  10 hobgoblins
  10 jackals
  A ball python (D:3)
  7 bats
  A giant gecko skeleton (D:6)
  6 giant newts
  A jackal skeleton (D:6)
  37 kobolds
  6 rats
276 creatures vanquished.

Vanquished Creatures (others)
  A plant (D:4)
1 creature vanquished.

Grand Total: 277 creatures vanquished

Notes
Turn   | Place    | Note
--------------------------------------------------------------
     0 | D:1      | Oddball22 the Vine Stalker Artificer began the quest for the Orb.
     0 | D:1      | Reached XP level 1. HP: 9/9 MP: 3/3
    13 | D:1      | Reached skill level 1 in Fighting
   189 | D:1      | Reached XP level 2. HP: 5/15 MP: 3/5
   307 | D:1      | Reached skill level 2 in Fighting
   446 | D:1      | Reached XP level 3. HP: 18/18 MP: 6/6
  1278 | D:2      | Found an opulent altar of Gozag.
  1482 | D:2      | Reached XP level 4. HP: 23/23 MP: 7/7
  1842 | D:3      | Found a shimmering altar of Xom.
  1868 | D:3      | Reached skill level 3 in Fighting
  2162 | D:3      | Reached XP level 5. HP: 25/28 MP: 5/8
  2405 | D:3      | Found an opulent altar of Gozag.
  2405 | D:3      | Found a sparkling altar of Nemelex Xobeh.
  2548 | D:4      | Reached skill level 4 in Fighting
  2625 | D:4      | Gained mutation: You heal very quickly. [Vine Stalker growth]
  2625 | D:4      | Reached XP level 6. HP: 32/34 MP: 9/9
  2676 | D:4      | Noticed Sigmund
  2770 | D:4      | Killed Sigmund
  2770 | D:4      | Reached skill level 5 in Fighting
  2794 | D:4      | Reached XP level 7. HP: 37/39 MP: 10/10
  2832 | D:4      | Found a stormy altar of Qazlal.
  3374 | D:5      | Entered Level 5 of the Dungeon
  3381 | D:5      | Reached skill level 6 in Fighting
  3465 | D:5      | Found a glowing silver altar of Zin.
  3562 | D:5      | Noticed Frenchkiss's ghost (amateur HOFi)
  3611 | D:5      | Noticed Eustachio
  3641 | D:5      | Killed Frenchkiss's ghost
  3641 | D:5      | Gained mutation: You have razor-sharp teeth. [Vine Stalker growth]
  3641 | D:5      | Reached XP level 8. HP: 14/45 MP: 4/11
  3649 | D:5      | Killed Eustachio
  3649 | D:5      | Reached skill level 7 in Fighting
  3800 | D:5      | Found a staircase to the Ecumenical Temple.
  3809 | Temple   | Entered the Ecumenical Temple
  4278 | D:5      | Reached skill level 5 in Dodging
  4488 | D:6      | Got a pitted mace
  4489 | D:6      | Identified the +7 mace "Xaraaj" {drain, rElec rPois Int+5 Dex-2} (You found it on level 6 of the Dungeon)
  4591 | D:6      | Found a sacrificial altar of Ru.
  4594 | D:6      | Found a snail-covered altar of Cheibriados.
  4659 | D:6      | Reached skill level 1 in Crossbows
  4733 | D:6      | Reached skill level 8 in Fighting
  4859 | D:6      | Reached XP level 9. HP: 30/51 MP: 12/12
  5136 | D:7      | Found a flagged portal.
  5138 | D:7      | Noticed a deep elf mage
  5161 | D:6      | Killed a deep elf mage
  5359 | D:7      | Reached skill level 9 in Fighting
  6165 | D:8      | Reached XP level 10. HP: 51/58 MP: 13/13
  6349 | D:8      | Reached skill level 10 in Fighting
  7223 | D:9      | Noticed kaze's ghost (novice NaTm)
  7301 | D:9      | Killed kaze's ghost
  7416 | D:9      | Found a shimmering altar of Xom.
  7417 | D:9      | Found an oddly glowing altar of Pakellas.
  7475 | D:9      | Became a worshipper of Pakellas the Inventive
  7609 | D:9      | Reached skill level 5 in Crossbows
  8132 | D:10     | Entered Level 10 of the Dungeon
  8198 | D:10     | Noticed a gargoyle
  8200 | D:10     | Reached * piety under Pakellas
  8263 | D:10     | Found a deep blue altar of Sif Muna.
  8381 | D:10     | Reached skill level 11 in Fighting
  8751 | D:10     | Found a staircase to the Lair.
  8788 | D:10     | Reached XP level 11. HP: 50/65 MP: 14/14
  8920 | D:10     | Noticed a hill giant
  8942 | D:10     | Killed a hill giant
  8942 | D:10     | Reached ** piety under Pakellas
  8942 | D:10     | Received a gift from Pakellas
  9061 | D:11     | Found Acvis's Food Emporium.
  9172 | D:11     | Found a staircase to the Orcish Mines.
  9554 | D:11     | HP: 2/66 [wolf spider zombie (9)]
  9555 | D:11     | Slain by a wolf spider zombie

Vault maps used:
D:1:      dpeg_arrival_fog
D:2:      lemuel_upstairs_altar, nicolae_gozag_seed_capital
D:3:      grunt_temple_overflow_opulence, xom_teletrap_fun
D:4:      kennysheep_kobold_camp, old_standard_altar, first_bread, uniq_sigmund
D:5:      kennysheep_mini, minmay_temple_entry_poolview, uniq_eustachio
D:6:      nicolae_overflow_hidden_temple
D:7:      enter_bailey_2, grunt_livestock, grunt_tough_drop
D:8:      st_stairs_11
D:9:      minmay_goldmine, gammafunk_temple_overflow_pools, bh_circular_ruins
D:10:     lair_0_dummy, basic_altar
D:11:     orc_0_dummy, serial_shops, shop, portal_ice_cave_entry_ice_beasts,
          serial_ice, serial_ice_g, serial_ice_k, serial_ice_m, serial_ice_c,
          serial_ice_h, serial_ice_o, serial_ice_f
Temple:   circular_temple_12

Skill      XL: |  1  2  3  4  5  6  7  8  9 10 11 |
---------------+----------------------------------+-----
Fighting       | 1 2 3 4 5 6 8 9 11 | 11.6
Dodging        | 2 3 4 5 6 7 |  7.8
Crossbows      | 1 3 5 6 |  6.0
Short Blades   | |  0.8
Stealth        | |  1.2
Evocations     | |  2.6

Action                   |  1- 3 |  4- 6 |  7- 9 | 10-12 || total
-------------------------+-------+-------+-------+-------++-------
Melee: Short sword       |    91 |       |       |       ||    91
       Dagger            |    30 |   196 |    25 |    66 ||   317
       Morningstar       |       |       |   261 |   179 ||   440
       Mace              |       |       |       |   112 ||   112
Evoke: Wand              |       |       |     4 |    17 ||    21
  Use: Scroll            |       |     2 |     5 |     8 ||    15
       Potion            |       |       |       |     9 ||     9
 Stab: Sleeping          |     2 |     3 |     1 |     5 ||    11
       Distracted        |     1 |       |       |       ||     1
       Paralysed         |       |       |       |     6 ||     6
  Eat: Chunk             |     2 |     4 |    12 |    11 ||    29
